 Dungeon Crawl Stone Soup version 0.29.0-4-gdea44cf6ec (webtiles) character file.

Game seed: 6389557860421750322

3130 qw the Cleaver (level 9, -4/57 HPs)
             Began as a Gargoyle Berserker on Sept 6, 2022.
             Was an Elder of Trog.
             Slain by a gnoll
             ... wielding a +0 halberd
              (11 damage)
             ... on level 7 of the Dungeon.
             The game lasted 00:02:42 (7496 turns).

qw the Cleaver (Gargoyle Berserker)                 Turns: 7496, Time: 00:02:42

Health: -4/57      AC: 19    Str: 24    XL:     9   Next: 92%
Magic:  9/9        EV: 10    Int:  7    God:    Trog [****..]
Gold:   293        SH:  0    Dex: 19    Spells: 8/8 levels left

rFire   + + .      SeeInvis .   h - +2 war axe
rCold   . . .      Faith    .   (no shield)
rNeg    + . .      Spirit   .   i - +1 chain mail {rF+}
rPois   inf        Reflect  .   o - +0 helmet
rElec   +          Harm     .   (no cloak)
rCorr   .          Rampage  .   c - +0 pair of gloves
Will    .....                   (no boots)
Stlth   ..........              g - amulet of the acrobat
HPRegen 0.19/turn               d - +6 ring of dexterity
MPRegen 0.11/turn               b - ring of protection from fire

@: about to teleport, weakened, on berserk cooldown, flying, slowed, very slow
A: sickness immunity, AC +6, negative energy resistance 1, electricity
resistance, torment resistance 1, petrification resistance, big wings, agile 1
a: Renounce Religion, Berserk, Trog's Hand, Brothers in Arms


You were on level 7 of the Dungeon.
You worshipped Trog.
Trog was greatly pleased with you.
You visited 1 branch of the dungeon, and saw 7 of its levels.

You collected 293 gold pieces.


Innate Abilities, Weirdness & Mutations

You are immune to sickness and miasma.
Your stone body is resilient. (AC +6)
You are immune to poison.
You resist negative energy. (rN+)
You are resistant to electric shocks. (rElec)
You are resistant to unholy torment.
You are immune to petrification.
Your large and strong wings let you fly.
You are agile. (Dex +4, Str/Int -1)


   Skills:
 + Level 7.5 Fighting
 - Level 10.0 Axes
 - Level 1.6 Throwing
 - Level 5.3 Armour
 - Level 3.0 Dodging


You had 8 spell levels left.
You didn't know any spells.
Your spell library was empty.

Inventory:

Hand Weapons
 h - a +2 war axe (weapon)
 r - a +1 antimagic flail
Armour
 c - a +0 pair of gloves (worn)
 i - a +1 chain mail of fire resistance (worn)
 o - a +0 helmet (worn)
 s - a +0 plate armour
 t - a +0 pair of boots
Jewellery
 b - a ring of protection from fire (right hand)
 d - a +6 ring of dexterity (left hand)
 g - an amulet of the acrobat (around neck)
Scrolls
 j - 2 scrolls of teleportation
Potions
 a - a potion of curing {unknown}
 e - a potion of lignification {unknown}
 f - a potion of haste
 k - a potion of resistance {unknown}
 l - a potion of brilliance {unknown}
 m - a potion of heal wounds {unknown}
 n - a potion of invisibility {unknown}
 p - a potion of flight {unknown}
 q - a potion of might {unknown}

Dungeon Overview and Level Annotations

Branches:
Dungeon (7/15)             Temple (0/1) D:6

Altars:
Elyvilon
Fedhas
Gozag
Ru
Yredelemnul

Annotations:
D:6 2 runed translucent doors, qw's ghost, novice GrFi
D:7 1 runed translucent door, Crazy Yiuf


Message History

The gnoll bouda splashes around in the water.
The orc priest calls down the wrath of Beogh upon you.
Pain shoots through your body!
The gnoll bouda splashes around in the water.
You hit the gnoll bouda but do no damage.
The gnoll bouda is lightly wounded.
You closely miss the orc.
The orc priest invokes the aid of Beogh against you.
Beogh smites you! The orc hits you but does no damage.
The gnoll bouda hits you but does no damage.
The howler monkey hoots and howls with incredible vigour!
The gnoll hits you from afar with a +0 halberd.
The orc priest invokes the aid of Beogh against you.
Beogh smites you!
You hear a shout!
You hear a howl!
You hear a shout! x2
You slash the gnoll bouda!
The gnoll bouda is heavily wounded.
You slash the orc!
You kill the orc!
Trog accepts your kill.
You hear a splash. x2
You hear a shout!
The gnoll bouda gazes fiercely through you!
You feel your attacks grow feeble.
The gnoll bouda hits you but does no damage.
The gnoll hits you but does no damage.
The orc priest looks encouraged for a moment.
The gnoll bouda hits you but does no damage.
You hit the gnoll bouda.
The gnoll bouda is severely wounded.
The gnoll hits you from afar with a +0 halberd!
The gnoll bouda prays to its god.
The gnoll bouda is healed somewhat.
The gnoll barely misses you.
7496 ||| READING 3 scrolls of teleportation.
As you read the scroll of teleportation, it crumbles to dust.
You feel strangely unstable.
The gnoll is no longer moving quickly.
The gnoll bouda hits you but does no damage.
The gnoll hits you from afar with a +0 halberd!
You die...

#.~~~..P.# #.~~~....#
#.~~~....# #.~~~....#
#+###~~....#
###########.o.#~~P...#
....o.....#og.#~~....#
~~~~~~o~~~#####~~....#
~~~~~~~@~~~~~~~~~....#
~~~~~ghg~~~~~~~~~..^P#
..........)..........#
###.....###...########
#.###.# ##.## #. #.#
#.# # #.# #.# #.# #.#
#.#


You could see a gnoll bouda, a howler monkey, an orc priest, a gnoll and an orc.

Vanquished Creatures
  A wyvern (D:7)
  A water moccasin (D:6)
  2 ice beasts
  2 orc warriors (D:7)
  3 sky beasts
  4 ogres
  2 centaurs
  2 phantoms
  A kobold brigand (D:6)
  A necrophage (D:4)
  A scorpion (D:6)
  A gnoll sergeant (D:7)
  4 wights (D:7)
  8 howler monkeys
  8 hounds
  2 orc priests (D:7)
  A jelly (D:4)
  Ijyb (D:2)
  5 orc wizards
  Natasha (D:2)
  3 iguanas
  4 gnolls (D:4)
  5 adders
  A white imp (D:7)
  2 ufetubi (D:5)
  5 worms
  5 dart slugs
  28 orcs
  4 ball pythons
  6 endoplasms
  2 giant cockroaches
  14 goblins
  9 hobgoblins
  9 kobolds
  4 quokkas
  4 bats
  3 frilled lizards
  3 rats
162 creatures vanquished.

Vanquished Creatures (others)
  A quokka (D:5)
  A plant (D:7)
2 creatures vanquished.

Grand Total: 164 creatures vanquished

Notes
Turn   | Place    | Note
-------+----------+-------------------------------------------
     0 | D:1      | qw the Gargoyle Berserker began the quest for the Orb.
     0 | D:1      | Reached XP level 1. HP: 14/14 MP: 1/1
     0 | D:1      | 0 ||| qw: Version: 0.1-a-108-g9e35731
     0 | D:1      | 0 ||| qw: Game counter: 6415
     0 | D:1      | 0 ||| qw: Always use a shield: true
     0 | D:1      | 0 ||| qw: Do Orc after D:15 true
     0 | D:1      | 0 ||| qw: Do second Lair branch before Depths: true
     0 | D:1      | 0 ||| qw: Lair rune preference: random
     0 | D:1      | 0 ||| qw: Plans: Normal
     0 | D:1      | 0 ||| PLANNING D:1-11
   156 | D:1      | 156 ||| Stepping ~*~*~tactically~*~*~ (stealth).
   157 | D:1      | 157 ||| Stepping ~*~*~tactically~*~*~ (stealth).
   158 | D:1      | 158 ||| Stepping ~*~*~tactically~*~*~ (stealth).
   166 | D:1      | Reached skill level 3 in Axes
   166 | D:1      | 166 ||| INVOKING Berserk.
   185 | D:1      | Reached XP level 2. HP: 11/19 MP: 2/2
   309 | D:1      | Found a faded altar of an unknown god.
   770 | D:1      | 770 ||| UPGRADING to +0 pair of gloves.
   775 | D:1      | 775 ||| UPGRADING to +0 leather armour.
   785 | D:1      | 785 ||| DROPPING +0 animal skin.
   786 | D:1      | 786 ||| UPGRADING to amulet of the acrobat.
   791 | D:1      | 791 ||| DROPPING amulet of magic regeneration.
   792 | D:1      | 792 ||| READING scroll labelled USUSEA COROL.
   795 | D:1      | 795 ||| READING scroll labelled UMPURE ORADAUJ.
   796 | D:1      | 796 ||| READING scroll labelled SALOKL QAFIO.
   797 | D:1      | 797 ||| READING scroll labelled XIEQYT KATO.
   837 | D:2      | 837 ||| FLEEEEING.
   838 | D:2      | 838 ||| FLEEEEING.
   839 | D:2      | 839 ||| FLEEEEING.
   840 | D:2      | 840 ||| FLEEEEING.
   843 | D:2      | 843 ||| FLEEEEING.
   847 | D:2      | 847 ||| FLEEEEING.
   848 | D:2      | 848 ||| STAIRDANCE
   874 | D:2      | 874 ||| STAIRDANCE
   913 | D:2      | Reached XP level 3. HP: 23/23 MP: 3/3
   932 | D:2      | 932 ||| Stepping ~*~*~tactically~*~*~ (stealth).
   939 | D:2      | 939 ||| FLEEEEING.
   940 | D:2      | 940 ||| FLEEEEING.
   941 | D:2      | 941 ||| FLEEEEING.
   942 | D:2      | 942 ||| FLEEEEING.
   943 | D:2      | 943 ||| FLEEEEING.
   944 | D:2      | 944 ||| FLEEEEING.
   945 | D:2      | 945 ||| FLEEEEING.
   946 | D:2      | 946 ||| FLEEEEING.
   947 | D:2      | Reached ** piety under Trog
   948 | D:2      | 948 ||| FLEEEEING.
   949 | D:2      | 949 ||| FLEEEEING.
   950 | D:2      | 950 ||| FLEEEEING.
   951 | D:2      | 951 ||| FLEEEEING.
   952 | D:2      | 952 ||| FLEEEEING.
   953 | D:2      | 953 ||| FLEEEEING.
   954 | D:2      | 954 ||| FLEEEEING.
   961 | D:2      | Reached skill level 4 in Axes
   985 | D:2      | 985 ||| FLEEEEING.
   986 | D:2      | 986 ||| STAIRDANCE
  1083 | D:1      | 1083 ||| READING scroll labelled EQELUOVAGHE.
  1148 | D:2      | 1148 ||| Stepping ~*~*~tactically~*~*~ (stealth).
  1255 | D:2      | 1255 ||| READING scroll of enchant weapon.
  1255 | D:2      | 1255 ||| ENCHANTING +1 hand axe.
  1512 | D:2      | Noticed Natasha
  1513 | D:2      | 1513 ||| Stepping ~*~*~tactically~*~*~ (hiding).
  1517 | D:2      | 1517 ||| INVOKING Berserk.
  1530 | D:2      | Killed Natasha
  1531 | D:2      | Reached XP level 4. HP: 17/28 MP: 4/4
  1850 | D:2      | Noticed Ijyb
  1853 | D:2      | 1853 ||| INVOKING Berserk.
  1864 | D:2      | Killed Ijyb
  1865 | D:2      | Reached skill level 5 in Axes
  2100 | D:2      | 2100 ||| UPGRADING to +0 chain mail.
  2110 | D:2      | 2110 ||| DROPPING +0 leather armour.
  2111 | D:2      | 2111 ||| READING scroll labelled GINOSH BANWUNN.
  2112 | D:2      | 2112 ||| READING scroll labelled GUF AT HEL BOWK.
  2195 | D:3      | Reached XP level 5. HP: 32/32 MP: 5/5
  2209 | D:3      | 2209 ||| SWAPPING to +0 war axe.
  2218 | D:3      | 2218 ||| DROPPING +2 hand axe of freezing.
  2256 | D:3      | 2256 ||| DROPPING +0 whip.
  2336 | D:3      | 2336 ||| READING scroll of enchant weapon.
  2336 | D:3      | 2336 ||| ENCHANTING +0 war axe.
  2430 | D:3      | Paralysed by a goblin for 3 turns
  2787 | D:3      | 2787 ||| UPGRADING to +1 chain mail of fire resistance.
  2797 | D:3      | 2797 ||| DROPPING +0 chain mail.
  2798 | D:3      | 2798 ||| UPGRADING to +0 helmet.
  2803 | D:3      | 2803 ||| READING scroll labelled WUEGHI VUBRIS.
  2804 | D:3      | 2804 ||| DRINKING 2 bubbling silvery potions.
  2804 | D:3      | Gained mutation: Armour fits poorly on your strangely
                  | shaped body. [potion of mutation]
  2805 | D:3      | 2805 ||| DRINKING potion of mutation.
  2805 | D:3      | Lost mutation: Armour fits poorly on your strangely shaped
                  | body. [potion of mutation]
  2805 | D:3      | Gained mutation: Your large and strong wings let you fly.
                  | [potion of mutation]
  2805 | D:3      | Gained mutation: You are agile. (Dex +4, Str/Int -1)
                  | [potion of mutation]
  2858 | D:4      | 2858 ||| PLANNING SEWER
  2869 | D:4      | 2869 ||| Stepping ~*~*~tactically~*~*~ (stealth).
  2903 | D:4      | 2903 ||| Stepping ~*~*~tactically~*~*~ (stealth).
  3011 | D:4      | 3011 ||| INVOKING Berserk.
  3280 | D:4      | Reached skill level 3 in Armour
  3280 | D:4      | Reached XP level 6. HP: 32/38 MP: 6/6
  3506 | D:4      | 3506 ||| Stepping ~*~*~tactically~*~*~ (stealth).
  3508 | D:4      | 3508 ||| Stepping ~*~*~tactically~*~*~ (hiding).
  3509 | D:4      | 3509 ||| Stepping ~*~*~tactically~*~*~ (hiding).
  3510 | D:4      | 3510 ||| Stepping ~*~*~tactically~*~*~ (hiding).
  3511 | D:4      | 3511 ||| Stepping ~*~*~tactically~*~*~ (hiding).
  3512 | D:4      | 3512 ||| INVOKING Berserk.
  3512 | D:4      | 3512 ||| RIP SEWER
  3513 | D:4      | 3513 ||| PLANNING D:1-11
  3534 | D:4      | HP: 8/38 [gnoll/+0 halberd (10)]
  3535 | D:4      | 3535 ||| READING scroll of teleportation.
  3781 | D:4      | 3781 ||| Stepping ~*~*~tactically~*~*~ (hiding).
  4012 | D:4      | Found an opulent altar of Gozag.
  4012 | D:4      | Found a faded altar of an unknown god.
  4018 | D:4      | Found a faded altar of an unknown god.
  4021 | D:4      | Found a sacrificial altar of Ru.
  4023 | D:4      | Found a basalt altar of Yredelemnul.
  4095 | D:4      | 4095 ||| UPGRADING to +6 ring of dexterity.
  4096 | D:4      | 4096 ||| READING scroll labelled ASTRU ISSID FIN.
  4110 | D:5      | Entered Level 5 of the Dungeon
  4118 | D:5      | Reached *** piety under Trog
  4120 | D:5      | Reached skill level 6 in Axes
  4138 | D:5      | 4138 ||| Stepping ~*~*~tactically~*~*~ (hiding).
  4220 | D:5      | 4220 ||| Stepping ~*~*~tactically~*~*~ (hiding).
  4302 | D:5      | 4302 ||| Stepping ~*~*~tactically~*~*~ (hiding).
  4307 | D:5      | Reached XP level 7. HP: 38/43 MP: 7/7
  4348 | D:5      | Found a blossoming altar of Fedhas.
  4372 | D:5      | 4372 ||| Stepping ~*~*~tactically~*~*~ (hiding).
  4512 | D:5      | 4512 ||| INVOKING Berserk.
  4516 | D:5      | Reached skill level 7 in Axes
  4718 | D:5      | Reached XP level 8. HP: 34/49 MP: 8/8
  4933 | D:5      | 4933 ||| INVOKING Berserk.
  5162 | D:5      | Found a white marble altar of Elyvilon.
  5167 | D:5      | 5167 ||| INVOKING Berserk.
  5527 | D:5      | 5527 ||| DROPPING amulet of faith.
  5528 | D:5      | 5528 ||| UPGRADING to ring of protection from fire.
  5686 | D:6      | Found a staircase to the Ecumenical Temple.
  5713 | D:6      | 5713 ||| Stepping ~*~*~tactically~*~*~ (stealth).
  5716 | D:6      | 5716 ||| Stepping ~*~*~tactically~*~*~ (stealth).
  5760 | D:6      | 5760 ||| Stepping ~*~*~tactically~*~*~ (stealth).
  5774 | D:6      | Reached skill level 8 in Axes
  5774 | D:6      | 5774 ||| Stepping ~*~*~tactically~*~*~ (stealth).
  5777 | D:6      | 5777 ||| INVOKING Berserk.
  5921 | D:6      | Found a large runed translucent door.
  5923 | D:6      | Found a large runed translucent door.
  5926 | D:6      | Noticed qw's ghost (novice GrFi)
  5930 | D:6      | Identified the +0 barding "Zivif" {*Corrode rPois Regen+
                  | Dex+4}
  5988 | D:6      | Reached skill level 6 in Fighting
  6553 | D:7      | 6553 ||| Stepping ~*~*~tactically~*~*~ (stealth).
  6554 | D:7      | 6554 ||| Stepping ~*~*~tactically~*~*~ (stealth).
  6594 | D:7      | Reached XP level 9. HP: 51/56 MP: 5/9
  6631 | D:7      | 6631 ||| DROPPING +0 flail.
  6666 | D:7      | 6666 ||| Stepping ~*~*~tactically~*~*~ (hiding).
  6697 | D:7      | Reached skill level 9 in Axes
  6779 | D:7      | Found a runed translucent door.
  6780 | D:7      | Noticed Crazy Yiuf
  6860 | D:7      | Reached **** piety under Trog
  6962 | D:7      | 6962 ||| SWAPPING to +2 war axe.
  6963 | D:7      | 6963 ||| DROPPING +1 war axe.
  7017 | D:7      | 7017 ||| Stepping ~*~*~tactically~*~*~ (stealth).
  7019 | D:7      | 7019 ||| INVOKING Berserk.
  7177 | D:7      | 7177 ||| Stepping ~*~*~tactically~*~*~ (hiding).
  7182 | D:7      | 7182 ||| INVOKING Berserk.
  7192 | D:7      | Reached skill level 1 in Throwing
  7384 | D:7      | Reached skill level 10 in Axes
  7400 | D:7      | Reached skill level 3 in Dodging
  7460 | D:7      | 7460 ||| Stepping ~*~*~tactically~*~*~ (hiding).
  7463 | D:7      | 7463 ||| Stepping ~*~*~tactically~*~*~ (hiding).
  7467 | D:7      | 7467 ||| INVOKING Berserk.
  7495 | D:7      | HP: 7/57 [gnoll/+0 halberd (10)]
  7496 | D:7      | 7496 ||| READING 3 scrolls of teleportation.
  7496 | D:7      | Slain by a gnoll

Levels and vault maps discovered:
D:1:      ebering_trefoil_3fold, layout_rooms, basic_ecumenical_altar,
          grunt_decor_cap
D:2:      kennysheep_the_goblin_king, layout_loops_ring, uniq_natasha
D:3:      layout_loops_cross
D:4:      layout_gridville, chequers_temple_overflow_minitemple,
          cheibrodos_sewer_entry_sluice, moated_statue
D:5:      layout_basic, elyvilon_altar_4, fedhas_bush_and_centaur_altar
D:6:      layout_loops_ring, minmay_temple_entry_statues_pillars,
          ebering_ghost_disaster_area, kennysheep_donut, minmay_crystal_room
D:7:      lemuel_castle_with_subvaults [lemuel_castle_interior_carwin_3],
          layout_loops_corners, uniq_crazy_yiuf_cottage, uniq_prince_ribbit1

Skill      XL: |  1  2  3  4  5  6  7  8  9 |
---------------+----------------------------+-----
Axes           | 3 4 5 6 7 8 10 | 10.0
Fighting       | 4 5 6 7 |  7.5
Armour         | 3 4 5 |  5.3
Dodging        | 2 3 |  3.0
Throwing       | 1 |  1.6

Action                   |  1- 3 |  4- 6 |  7- 9 || total
-------------------------+-------+-------+-------++-------
Melee: Hand axe          |    96 |    24 |       ||   120
       Punch             |     2 |       |     4 ||     6
       War axe           |       |   130 |   267 ||   397
Throw: Boomerang         |       |       |     6 ||     6
Invok: Berserk           |     2 |     3 |     7 ||    12
  Use: Scroll            |     6 |     6 |     1 ||    13
       Potion            |       |     2 |       ||     2
Armor: Animal skin       |    11 |       |       ||    11
       Leather armour    |    14 |     9 |       ||    23
       Chain mail        |       |    83 |   152 ||   235
Dodge: Dodged            |    47 |    78 |    99 ||   224

Table legend:
 A = Non-vault XP
 B = Vault XP
 C = Vault XP percentage of total XP
 D = Non-vault monster count
 E = Vault monster count
 F = Vault count percentage of total count
                 A         B        C        D         E       F
            +---------+---------+-------+---------+---------+-------
      Total |    3541 |     931 |  20.8 |     134 |      28 |  17.3
            +---------+---------+-------+---------+---------+-------
        D:1 |      28 |       0 |   0.0 |      15 |       0 |   0.0
        D:2 |      48 |      83 |  63.4 |      13 |       8 |  38.1
        D:3 |      47 |       0 |   0.0 |      17 |       0 |   0.0
        D:4 |     316 |      16 |   4.8 |      23 |       4 |  14.8
        D:5 |     807 |     115 |  12.5 |      18 |       1 |   5.3
        D:6 |     844 |       0 |   0.0 |      25 |       0 |   0.0
        D:7 |    1451 |     717 |  33.1 |      23 |      15 |  39.5
            +---------+---------+-------+---------+---------+-------
